 Dungeon Crawl Stone Soup version 0.30-a0-779-g7971cf19c3 (webtiles) character file.

Game seed: 17311161371061460590

2 IndexError the Vexing (level 1, 0/11 HPs)
             Began as a Deep Elf Hexslinger on Feb 17, 2023.
             Slain by a giant cockroach (2 damage)
             ... on level 1 of the Dungeon.
             The game lasted 00:00:18 (27 turns).

IndexError the Vexing (Deep Elf Hexslinger)           Turns: 27, Time: 00:00:19

Health: 0/11       AC:  2    Str:  7    XL:     1   Next: 33%
Magic:  5/5        EV: 12    Int: 17    God:
Gold:   0          SH:  0    Dex: 15    Spells: 2/3 levels left

rFire   . . .      SeeInvis .    a - +1 sling
rCold   . . .      Faith    .    (no shield)
rNeg    . . .      Spirit   .    c - +0 robe
rPois   .          Reflect  .    (no helmet)
rElec   .          Harm     .    (no cloak)
rCorr   .          Rampage  .    (no gloves)
Will    .....                    (no boots)
Stlth   +                        (no amulet)
HPRegen 0.21/turn                (no ring)
MPRegen 0.09/turn                (no ring)

@: no status effects
A: no striking features
a: no special abilities


You were on level 1 of the Dungeon.
You visited 1 branch of the dungeon, and saw 1 of its levels.

Inventory:

Hand Weapons
 a - a +1 sling (weapon)
Armour
 c - a +0 robe (worn)
Scrolls
 b - a scroll of poison {!r}
Potions
 d - a potion of might {unknown}


   Skills:
 + Level 0.8 Fighting
 * Level 2.9 Ranged Weapons
 - Level 2.4 Dodging
 - Level 1.5 Spellcasting
 + Level 4.0 Hexes


You had 2 spell levels left.
You knew the following spells:

 Your Spells              Type           Power      Damage    Failure   Level
s - Slow                  Hex            60%        N/A       3%          1

Your spell library contained the following spells:

 Spells                   Type           Power      Damage    Failure   Level
 Inner Flame              Hex/Fire       8%         N/A       26%         3
 Portal Projectile        Hex/Tloc       16%        N/A       26%         3
 Cause Fear               Hex            7%         N/A       36%         4


Dungeon Overview and Level Annotations

Branches:
Dungeon (1/15)

Altars:


Message History

The sling bullet closely misses the goblin.
You hear a shout!
A bat comes into view.
The bat moves out of view.
You shoot a sling bullet.
The sling bullet barely misses the goblin.
You shoot a sling bullet.
The sling bullet barely misses the goblin.
A kobold comes into view. It is wielding a +0 club.
You shoot a sling bullet.
The sling bullet closely misses the kobold.
You shoot a sling bullet.
The sling bullet barely misses the kobold.
The bat hits you but does no damage.
You shoot a sling bullet.
The sling bullet closely misses the kobold.
The bat hits you but does no damage. The kobold hits you with a +0 club.
A giant cockroach comes into view.
Spoiler Alert: The giant cockroach is fast!
You take 3 damage, and have 8/11 hp.
MASSIVE DAMAGE!!
You shoot a sling bullet. The sling bullet hits the kobold.
The bat closely misses you. The kobold hits you but does no damage.
The kobold misses you.
You shoot a sling bullet. The sling bullet hits the goblin.
The bat hits you but does no damage. The kobold misses you.
Spoiler Alert: The giant cockroach is fast!
You shoot a sling bullet.
The sling bullet barely misses the kobold.
The bat closely misses you. The kobold hits you but does no damage.
The giant cockroach bites you.
You take 2 damage, and have 7/11 hp.
You shoot a sling bullet.
The sling bullet barely misses the kobold.
The bat hits you but does no damage. The bat hits you.
The kobold hits you with a +0 club. The giant cockroach closely misses you.
The bat hits you. The kobold barely misses you.
Spoiler Alert: The giant cockroach is fast!
You take 2 damage, and have 5/11 hp.
You are too injured to fight recklessly!
You are too injured to fight recklessly!
You are too injured to fight recklessly!
Fire: a) +1 sling
Press: ? - help, Q - select action Shift-Dir - straight line, f/p - kobold
Aim: a kobold, wielding a +0 club (moderately wounded, 50% to hit)
You shoot a sling bullet. The sling bullet hits the kobold.
The bat hits you but does no damage. The bat misses you.
The giant cockroach bites you.
* * * LOW HITPOINT WARNING * * *
The giant cockroach bites you but does no damage.
The bat misses you.
Spoiler Alert: The giant cockroach is fast!
You take 2 damage, and have 3/11 hp.
Fire: a) +1 sling
Press: ? - help, Q - select action Shift-Dir - straight line, f - bat
Aim: a bat (42% to hit)
You shoot a sling bullet. The sling bullet hits the bat.
The giant cockroach bites you.
* * * LOW HITPOINT WARNING * * *
Spoiler Alert: The giant cockroach is fast!
You take 1 damage, and have 2/11 hp.
Fire: a) +1 sling
Press: ? - help, Q - select action Shift-Dir - straight line, f - giant cockroach
Aim: a giant cockroach (57% to hit)
You shoot a sling bullet.
The sling bullet barely misses the giant cockroach.
The giant cockroach bites you but does no damage.
The giant cockroach waves its antennae.
The giant cockroach completely misses you.
Spoiler Alert: The giant cockroach is fast!
Fire: a) +1 sling
Press: ? - help, Q - select action Shift-Dir - straight line, f/p - giant cockroach
Aim: a giant cockroach (57% to hit)
You shoot a sling bullet.
The sling bullet barely misses the giant cockroach.
The giant cockroach closely misses you.
Spoiler Alert: The giant cockroach is fast!
Fire: a) +1 sling
Press: ? - help, Q - select action Shift-Dir - straight line, f/p - giant cockroach
Aim: a giant cockroach (57% to hit)
You shoot a sling bullet.
The sling bullet hits the giant cockroach but does no damage.
The giant cockroach bites you.
* * * LOW HITPOINT WARNING * * *
The giant cockroach closely misses you.
Spoiler Alert: The giant cockroach is fast!
You take 1 damage, and have 2/11 hp.
Fire: a) +1 sling
Press: ? - help, Q - select action Shift-Dir - straight line, f/p - giant cockroach
Aim: a giant cockroach (57% to hit)
You shoot a sling bullet.
The sling bullet hits the giant cockroach but does no damage.
The giant cockroach closely misses you.
Spoiler Alert: The giant cockroach is fast!
Fire: a) +1 sling
Press: ? - help, Q - select action Shift-Dir - straight line, f/p - giant cockroach
Aim: a giant cockroach (57% to hit)
You shoot a sling bullet.
The sling bullet hits the giant cockroach but does no damage.
The giant cockroach bites you.
You die...

#...# #...#
#...# ##.<.##
##.....##
##..8.>).#
##.........#
##.....#.....#
#@†...###.....#
#)B...## #.....
#.....## #....
......## #..
$..#...##
..#....## .
#.... ..###


You could see a giant cockroach.

Vanquished Creatures
  A goblin (D:1)
  A bat (D:1)
  A kobold (D:1)
3 creatures vanquished.

Notes
Turn   | Place    | Note
-------+----------+-------------------------------------------
     0 | D:1      | IndexError the Deep Elf Hexslinger began the quest for the
                  | Orb.
     0 | D:1      | Reached XP level 1. HP: 11/11 MP: 5/5
    22 | D:1      | HP: 2/11 [giant cockroach (1)]
    27 | D:1      | Slain by a giant cockroach

Illustrated notes

Levels and vault maps discovered:
D:1:      psy_arrival_spokes, layout_loops_cross, serial_shops, shop_statue,
          minmay_tetromino_t2

Action                     || total
---------------------------++-------
   Fire: Sling             ||    18
 Armour: Robe              ||     9
  Dodge: Dodged            ||    12

Table legend: (Time is in decaauts)
 A = Elapsed time spent in this place.
 B = Non-inter-level travel time spent in this place.
 C = Inter-level travel time spent in this place.
 D = Time resting spent in this place.
 E = Time spent auto-exploring this place.
 F = Levels seen in this place.
 G = Mean time per level.
                   A        B        C        D        E       F      G
               +--------+--------+--------+--------+--------+-----+--------+
         Total |     31 |     31 |      0 |      0 |      8 |   1 |   31.0 |
       Dungeon |     31 |     31 |      0 |      0 |      8 |   1 |   31.0 |
               +--------+--------+--------+--------+--------+-----+--------+

Top non-repeatable levels by time:
     D:1: 31 daAuts

Table legend:
 A = Kills in this place as a percentage of kills in entire the game.
 B = Kills by you in this place as a percentage of kills by you in the entire game.
 C = Kills by friends in this place as a percentage of kills by friends in the entire game.
 D = Other kills in this place as a percentage of other kills in the entire game.
 E = Experience gained in this place as a percentage of experience gained in the entire game.
 F = Experience gained in this place divided by the number of levels of this place that you have seen.
                   A       B       C       D       E      F
               +-------+-------+-------+-------+-------+----------------------
         Total | 100.0 | 100.0 |   N/A |   N/A | 100.0 |   4.0
       Dungeon | 100.0 | 100.0 |   N/A |   N/A | 100.0 |   4.0
               +-------+-------+-------+-------+-------+----------------------
